 Dungeon Crawl Stone Soup version 0.22-a0-558-gc224181 (webtiles) character file.

378 Hebeh the Chopper (level 6, -3/56 HPs)
             Began as a Minotaur Fighter on June 27, 2018.
             Slain by a gnoll
             ... wielding a cursed -3 spear
              (5 damage)
             ... on level 4 of the Dungeon.
             The game lasted 00:11:38 (3009 turns).

Hebeh the Chopper (Minotaur Fighter)                Turns: 3009, Time: 00:11:38

Health: -3/56      AC:  9    Str: 23    XL:     6   Next: 45%
Magic:  5/5        EV:  7    Int:  5    God:
Gold:   51         SH: 10    Dex:  9    Spells: 5/5 levels left

rFire    . . .     SeeInvis .   a - +0 war axe
rCold    . . .     Gourm    .   c - +0 shield
rNeg     . . .     Faith    .   g - +0 scale mail
rPois    .         Spirit   .   (helmet restricted)
rElec    .         Reflect  .   t - +0 cloak
rCorr    .         Harm     .   j - +0 pair of gloves
MR       .....                  (no boots)
Stlth    ..........             (no amulet)
HPRegen  0.18/turn              (no ring)
MPRegen  0.09/turn              (no ring)

@: no status effects
A: retaliatory headbutt, horns 2
a: no special abilities


You were on level 4 of the Dungeon.
You were not hungry.

You visited 1 branch of the dungeon, and saw 4 of its levels.

You collected 51 gold pieces.

Inventory:

Hand Weapons
 a - a +0 war axe (weapon)
 b - a +1 whip of electrocution
Armour
 c - a +0 shield (worn)
 g - a +0 scale mail (worn)
 j - a +0 pair of gloves (worn)
 t - a +0 cloak (worn)
Jewellery
 l - an uncursed ring of positive energy {unknown}
Scrolls
 e - a scroll of fear
 h - 2 scrolls of identify
 p - a scroll of fog {unknown}
 r - a scroll of amnesia
Potions
 d - 3 potions of might
 k - 2 potions of berserk rage {unknown}
 m - 2 potions of mutation {unknown}
 n - a potion of lignification {unknown}
 o - 3 potions of agility
 q - 2 potions of curing {unknown}
Comestibles
 f - 7 rations


   Skills:
 + Level 5.0 Fighting
 * Level 5.6 Axes
 + Level 5.0 Armour
 + Level 5.1 Shields


You had 5 spell levels left.
You didn't know any spells.
Your spell library was empty.

Dungeon Overview and Level Annotations

Branches:
Dungeon (4/15)
 Temple: D:4-7

Altars:
Ashenzari
Hepliaklqana
Kikubaaqudgha
Okawaru
Qazlal
Xom


Innate Abilities, Weirdness & Mutations

You reflexively headbutt those who attack you in melee.
You have a pair of horns on your head.


Message History

You see here a flail.
You block the orc's attack.
Items here: ))))) [[[ รทรทรทรท
Things that are here:
a dagger; an orc skeleton You see here a hand axe.
The orc hits you from afar with a trident.
* * * LOW HITPOINT WARNING * * *
You see here a hand axe.
You slash the orc!
You kill the orc!
You slash the orc priest! Your headbutt misses the orc priest.
The orc priest is severely wounded.
The orc priest hits you but does no damage.
The gnoll closely misses you.
You barely miss the orc priest.
The orc priest is severely wounded.
You block the orc priest's attack.
The gnoll hits you from afar with a spear.
You die...

#..# #.# #..# #.#
#..# #.# #..# #.#
#..# #.# #..# #.#
###..# #<# ###
#...(# #.# ..#
#@##.###.# ##.
#.# #o##.....#
#.. ######.#
#g##..#### #..
#....#.## #)##..#
#..
#.#.....###.##..#
#..
#.).....o...##.(#
#..
#)#.....###.....#
#..###)##.#.##
#.##.##
.goo(o#.......
.....#


You could see an orc priest and a gnoll.

Vanquished Creatures
  A bullfrog (D:3)
  A gnoll shaman (D:4)
  An orc priest (D:4)
  2 orc wizards (D:4)
  An iguana (D:3)
  4 gnolls (D:4)
  4 adders
  An ooze (D:2)
  A worm (D:2)
  A dart slug (D:1)
  2 leopard geckos (D:3)
  14 orcs
  8 bats
  5 giant cockroaches
  7 hobgoblins
  4 jackals (D:1)
  8 frilled lizards (D:1)
  10 goblins
  3 kobolds
  4 rats
82 creatures vanquished.

Notes
Turn   | Place    | Note
-------+----------+-------------------------------------------
     0 | D:1      | Hebeh the Minotaur Fighter began the quest for the Orb.
     0 | D:1      | Reached XP level 1. HP: 19/19 MP: 0/0
   141 | D:1      | Reached XP level 2. HP: 26/27 MP: 1/1
   516 | D:1      | Reached XP level 3. HP: 33/33 MP: 2/2
  1296 | D:2      | Found a hazy altar of Hepliaklqana.
  1297 | D:2      | Found a shimmering altar of Xom.
  1297 | D:2      | Noticed a yak
  1298 | D:2      | Noticed a spectral ugly thing
  1298 | D:2      | Noticed a yak
  1698 | D:3      | Reached XP level 4. HP: 35/40 MP: 3/3
  1727 | D:3      | Noticed a bullfrog
  1735 | D:3      | Killed a bullfrog
  1735 | D:3      | Reached XP level 5. HP: 27/47 MP: 4/4
  1746 | D:3      | Found an ancient bone altar of Kikubaaqudgha.
  2001 | D:3      | Found a shattered altar of Ashenzari.
  2080 | D:3      | Found an iron altar of Okawaru.
  2155 | D:3      | Found a stormy altar of Qazlal.
  2668 | D:4      | Reached skill level 5 in Axes
  2678 | D:4      | Reached XP level 6. HP: 24/55 MP: 5/5
  2959 | D:4      | Reached skill level 5 in Fighting
  2959 | D:4      | Reached skill level 5 in Armour
  2959 | D:4      | Reached skill level 5 in Shields
  2976 | D:4      | HP: 1/56 [gnoll/halberd (7)]
  3005 | D:4      | HP: 1/56 [orc/trident (6)]
  3009 | D:4      | Slain by a gnoll

Vault maps used:
D:1:      minmay_arrival_solitary_statue
D:2:      regret_index_temple_of_mockery
D:3:      okawaru_ov_weapons_minmay, kiku_gazebo_pond_becter,
          nicolae_overflow_crystal_walls, evilmike_ruin_ashenzari, first_ration
D:4:      lightli_sewer_entry_pipes, xom_teletrap_fun

Skill      XL: |  1  2  3  4  5  6 |
---------------+-------------------+-----
Axes           | 3 4 5 |  5.6
Shields        | 4 5 |  5.1
Armour         | 4 5 |  5.0
Fighting       | 4 5 |  5.0

Action                   |  1- 3 |  4- 6 || total
-------------------------+-------+-------++-------
Melee: War axe           |    99 |    92 ||   191
       Headbutt          |    16 |    18 ||    34
       Whip              |       |    21 ||    21
  Use: Scroll            |       |     8 ||     8
  Eat: Chunk             |     3 |     4 ||     7
Armor: Scale mail        |    46 |    35 ||    81
Dodge: Dodged            |    37 |    17 ||    54
Block: Shield            |    51 |    45 ||    96

Table legend:
 A = Spawn XP
 B = Non-spawn XP
 C = Spawn XP percentage of total XP
 D = Spawn monster count
 E = Non-spawn monster count
 F = Spawn count percentage of total count
 G = Total turns spent on level
                    A         B        C        D         E        F      G
               +---------+---------+-------+---------+---------+-------+---------
         Total |       0 |     540 |   0.0 |       0 |      82 |   0.0 |  3009
               +---------+---------+-------+---------+---------+-------+---------
           D:1 |       0 |      45 |   0.0 |       0 |      29 |   0.0 |   705
           D:2 |       0 |      46 |   0.0 |       0 |      18 |   0.0 |   980
           D:3 |       0 |     207 |   0.0 |       0 |      20 |   0.0 |   940
           D:4 |       0 |     242 |   0.0 |       0 |      15 |   0.0 |   384
               +---------+---------+-------+---------+---------+-------+---------
